 Dungeon Crawl Stone Soup version 0.23-a0-550-g7de1f8ee9f (webtiles) character file.

806 RKaid the Gusty (level 7, -7/40 HPs)
             Began as a Tengu Air Elementalist on Dec 8, 2018.
             Was a Follower of Sif Muna.
             Mangled by an orc warrior
             ... wielding a +0 mace
              (21 damage)
             ... on level 6 of the Dungeon.
             The game lasted 00:20:43 (6706 turns).

RKaid the Gusty (Tengu Air Elementalist)            Turns: 6706, Time: 00:20:43

Health: -7/40      AC:  4    Str:  8    XL:     7   Next: 91%
Magic:  11/14      EV: 12    Int: 18    God:    Sif Muna [*.....]
Gold:   227        SH:  5    Dex: 14    Spells: 6/14 levels left

rFire    . . .     SeeInvis .   a - +0 spear
rCold    . . .     Gourm    .   s - +0 buckler
rNeg     . . .     Faith    .   j - +1 robe
rPois    .         Spirit   .   (helmet restricted)
rElec    .         Reflect  .   (no cloak)
rCorr    .         Harm     .   e - +0 pair of gloves
MR       .....                  (boots unavailable)
Stlth    ++........             (no amulet)
HPRegen  0.13/turn              (no ring)
MPRegen  0.14/turn              (no ring)

@: no status effects
A: beak, talons 3, able to fly 1
a: Fly, Divine Energy, Renounce Religion


You were on level 6 of the Dungeon.
You worshipped Sif Muna.
Sif Muna was aware of your devotion.
You were hungry.

You visited 2 branches of the dungeon, and saw 7 of its levels.

You collected 227 gold pieces.

Inventory:

Hand Weapons
 a - a +0 spear (weapon)
   (You found it on level 2 of the Dungeon)
Missiles
 d - 27 poisoned needles
Armour
 e - a +0 pair of gloves (worn)
   (You found it on level 4 of the Dungeon)
 j - a +1 robe (worn)
 s - a +0 buckler (worn)
   (You found it on level 3 of the Dungeon)
Jewellery
 k - an uncursed ring of fire {rF+, rC-}
   (You took it off an orc wizard on level 5 of the Dungeon)
Scrolls
 l - a scroll of fog
 o - a scroll of remove curse
 q - 3 scrolls of amnesia
 t - 2 scrolls of teleportation
Potions
 b - a potion of lignification {unknown}
 c - 2 potions of curing
 g - a potion of heal wounds {unknown}
 h - a potion of haste {unknown}
 i - a potion of agility {unknown}
 m - 2 potions of might
 n - a potion of brilliance
 p - a potion of berserk rage {!q}
 r - a potion of mutation {unknown}
Comestibles
 f - 11 rations


   Skills:
 * Level 2.3 Fighting
 - Level 2.1 Dodging
 - Level 2.0 Stealth
 - Level 4.0 Shields
 + Level 4.1 Spellcasting
 + Level 5.3 Conjurations
 + Level 6.5 Air Magic


You had 6 spell levels left.
You knew the following spells:

 Your Spells              Type           Power        Failure   Level  Hunger
a - Shock                 Conj/Air       ####         1%          1    None
b - Static Discharge      Conj/Air       ####....     3%          3    ###....
c - Airstrike             Air            ####......   10%         4    ####...

Your spell library contained the following spells:

 Spells                   Type           Power        Failure   Level  Hunger
 Swiftness                Chrm/Air       ###.....     6%          2    ##.....
 Lightning Bolt           Conj/Air       ####......   34%         5    ######.


Dungeon Overview and Level Annotations

Branches:
Dungeon (6/15)             Temple (1/1) D:5

Altars:
Cheibriados
Dithmenos
Ru
Sif Muna

Shops:
D:4 [


Innate Abilities, Weirdness & Mutations

You have a beak for a mouth.
You have claws for feet.
You can fly.


Message History

You start resting.
You start waiting.
Done waiting.
Things that are here:
a +0 trident; a +0 leather armour You see here a cursed -1 flail.
You see here a leather armour.
o - a scroll of remove curse;
s - a +0 buckler (worn)
You see here 23 stones {@Q2}.
Done exploring.
Done exploring.
There is a staircase to the Ecumenical Temple here.
You climb downwards.
Welcome to the Ecumenical Temple!
There is a staircase back to the Dungeon here.
Found a sacrificial altar of Ru.
There is a staircase back to the Dungeon here.
Found a snail-covered altar of Cheibriados.
There is a staircase back to the Dungeon here.
You climb upwards.
Welcome back to the Dungeon!
There is a staircase to the Ecumenical Temple here.
You can't go up here!
There is a stone staircase leading down here.
You climb downwards.
There is a stone staircase leading up here.
A centaur comes into view.
The centaur shouts!
The centaur wields a +0 shortbow.
The centaur shoots an arrow.
The arrow hits you.
An adder comes into view.
The adder hisses angrily.
You see here an arrow.
Okay, then.
Unknown command.
Okay, then.
Unknown command.
Unknown command.
The centaur shoots an arrow.
You block the arrow.
You see here an arrow.
The centaur shoots an arrow.
The arrow closely misses you.
You see here an arrow.
The centaur shoots an arrow.
You block the arrow.
There is a stone staircase leading up here.
The adder closely misses you.
You climb upwards.
There is a stone staircase leading down here.
You miss the adder. The adder bites you.
The adder bites you but does no damage.
Casting: Shock (safe; 1% risk of failure)
Confirm with . or Enter, or press ? or * to list all spells.
Aiming: Shock (safe; 1% risk of failure)
Press: ? - help, Shift-Dir - straight line, f - adder
Aim: an adder The zap misses the adder.
You are feeling hungry.
The adder bites you.
Casting: Shock (safe; 1% risk of failure)
Confirm with . or Enter, or press ? or * to list all spells.
Aiming: Shock (safe; 1% risk of failure)
Press: ? - help, Shift-Dir - straight line, f/p - adder
Aim: an adder The zap misses the adder.
The adder closely misses you.
Casting: Shock (safe; 1% risk of failure)
Confirm with . or Enter, or press ? or * to list all spells.
Aiming: Shock (safe; 1% risk of failure)
Press: ? - help, Shift-Dir - straight line, f/p - adder
Aim: an adder The zap hits the adder.
The adder barely misses you. You block the adder's attack.
Casting: Shock (safe; 1% risk of failure)
Confirm with . or Enter, or press ? or * to list all spells.
The adder is struck by an arc of lightning.
You are struck by an arc of lightning.
The adder is struck by an arc of lightning.
You kill the adder!
Sif Muna accepts your kill.
The lightning grounds out.
You start resting.
There is a stone staircase leading down here.
Unknown command.
You climb downwards.
An adder, a giant cockroach, 3 orcs and an ogre come into view.
Found a chain mail.
Found an escape hatch in the ceiling.
Found a stone staircase leading down.
There is a stone staircase leading up here.
Casting: Static Discharge (safe; 3% risk of failure)
Confirm with . or Enter, or press ? or * to list all spells.
The orc is struck by an arc of lightning.
The orc shouts!
You are struck by an arc of lightning.
The lightning grounds out.
The orc warrior is struck by an arc of lightning.
The orc warrior shouts!
You are struck by an arc of lightning.
The lightning grounds out.
The orc wizard shouts!
The ogre shouts!
The orc barely misses you.
The orc warrior hits you with a +0 mace!!
Ouch! That really hurt!
You hear an angry hiss.
The orc warrior hits you with a +0 mace!!
Ouch! That really hurt!
You die...

#....## #..##
.......###....#
...............
.......<.......
...............
l..........[...
...............
.....O.@o.....#
......o...#####
...S.o...##
.>.s....##
.......##
....... ......#
......


You could see an orc warrior, an ogre, an orc wizard, an adder (wandering), an
orc, a leopard gecko and a giant cockroach.

Vanquished Creatures
  Edmund (D:4)
  An ogre (D:5)
  A centaur (D:5)
  2 howler monkeys
  2 hounds
  A jelly (D:5)
  5 orc wizards
  A worker ant (D:4)
  A hound skeleton (D:4)
  A worker ant zombie (D:3)
  6 adders
  An ooze (D:2)
  3 worms (D:2)
  2 dart slugs
  2 leopard geckos (D:3)
  13 orcs
  5 ball pythons
  7 bats
  3 giant cockroaches
  7 goblins
  12 hobgoblins
  5 jackals (D:1)
  5 kobolds
  2 quokkas
  9 frilled lizards
  A leopard gecko zombie (D:5)
  9 rats
108 creatures vanquished.

Notes
Turn   | Place    | Note
-------+----------+-------------------------------------------
     0 | D:1      | RKaid the Tengu Air Elementalist began the quest for the
                  | Orb.
     0 | D:1      | Reached XP level 1. HP: 10/10 MP: 4/4
   208 | D:1      | Reached XP level 2. HP: 16/16 MP: 3/6
   334 | D:1      | Reached skill level 2 in Conjurations
   484 | D:1      | Reached skill level 1 in Fighting
   584 | D:1      | Reached XP level 3. HP: 19/20 MP: 2/7
  1426 | D:2      | Reached XP level 4. HP: 25/25 MP: 3/8
  1508 | D:2      | Learned a level 3 spell: Static Discharge
  1513 | D:2      | Learned a level 4 spell: Airstrike
  2361 | D:2      | Reached skill level 3 in Conjurations
  2664 | D:2      | Found a deep blue altar of Sif Muna.
  2670 | D:2      | Became a worshipper of Sif Muna the Loreminder
  2971 | D:3      | Reached skill level 2 in Fighting
  3046 | D:3      | Reached skill level 5 in Air Magic
  3049 | D:3      | Gained mutation: You can fly. [Tengu growth]
  3049 | D:3      | Reached XP level 5. HP: 30/30 MP: 3/10
  3386 | D:3      | Reached skill level 3 in Spellcasting
  3576 | D:3      | Reached skill level 1 in Shields
  4312 | D:4      | Reached XP level 6. HP: 35/35 MP: 4/11
  4599 | D:4      | Found Rikky's Armour Boutique.
  4615 | D:4      | Noticed Edmund
  4658 | D:4      | Reached skill level 2 in Shields
  4658 | D:4      | Reached skill level 4 in Conjurations
  5002 | D:4      | Killed Edmund
  5293 | D:5      | Entered Level 5 of the Dungeon
  5337 | D:5      | Reached XP level 7. HP: 40/40 MP: 7/13
  5450 | D:5      | Reached skill level 3 in Shields
  5450 | D:5      | Reached skill level 6 in Air Magic
  5592 | D:5      | Found a staircase to the Ecumenical Temple.
  5636 | D:5      | Reached * piety under Sif Muna
  5694 | D:5      | Found a shadowy altar of Dithmenos.
  5758 | D:5      | Reached skill level 5 in Conjurations
  5949 | D:5      | Reached skill level 4 in Shields
  5949 | D:5      | Reached skill level 4 in Spellcasting
  6555 | Temple   | Entered the Ecumenical Temple
  6706 | D:6      | Mangled by an orc warrior

Vault maps used:
D:1:      dpeg_arrival_round_c
D:2:      first_ration, led_sif_pool
D:3:      serial_bayou_pond_e
D:4:      serial_shops, shop, uniq_edmund
D:5:      minmay_temple_entry_glass, nicolae_dithmenos_shadow_blocks
D:6:      chequers_serial_rivers_small_b
Temple:   hc_temple_tempest_star

Skill      XL: |  1  2  3  4  5  6  7 |
---------------+----------------------+-----
Conjurations   | 2 3 4 5 |  5.3
Fighting       | 1 2 |  2.3
Air Magic      | 5 6 |  6.5
Spellcasting   | 3 4 |  4.1
Shields        | 1 2 4 |  4.0
Dodging        | |  2.1
Stealth        | |  2.0

Action                   |  1- 3 |  4- 6 |  7- 9 || total
-------------------------+-------+-------+-------++-------
Melee: Spear             |     1 |    24 |    13 ||    38
       Kick              |       |     8 |     1 ||     9
       Peck              |       |     4 |       ||     4
 Cast: Shock             |    75 |   145 |    41 ||   261
       Static Discharge  |       |       |     5 ||     5
  Use: Scroll            |       |    12 |       ||    12
 Stab: Sleeping          |     1 |     1 |       ||     2
  Eat: Chunk             |     3 |    10 |     2 ||    15
       Ration            |       |     1 |       ||     1
Armor: Robe              |       |     6 |     2 ||     8
Dodge: Dodged            |    12 |    26 |    15 ||    53
Block: Buckler           |       |     9 |     8 ||    17

Table legend:
 A = Non-vault XP
 B = Vault XP
 C = Vault XP percentage of total XP
 D = Non-vault monster count
 E = Vault monster count
 F = Vault count percentage of total count
                 A         B        C        D         E       F
            +---------+---------+-------+---------+---------+-------
      Total |     986 |     166 |  14.4 |     107 |       1 |   0.9
            +---------+---------+-------+---------+---------+-------
        D:1 |      53 |       0 |   0.0 |      31 |       0 |   0.0
        D:2 |      76 |       0 |   0.0 |      24 |       0 |   0.0
        D:3 |     146 |       0 |   0.0 |      25 |       0 |   0.0
        D:4 |     171 |     166 |  49.3 |       7 |       1 |  12.5
        D:5 |     540 |       0 |   0.0 |      20 |       0 |   0.0
            +---------+---------+-------+---------+---------+-------

Table legend:
 A = Turns spent in this place as a percentage of turns spent in the entire game.
 B = Non-inter-level travel turns spent in this place as a percentage of non-inter-level travel turns spent in the entire game.
 C = Inter-level travel turns spent in this place as a percentage of turns spent in this place.
 D = Turns resting spent in this place as a percentage of non-inter-level travel turns spent in this place.
 E = Turns spent auto-exploring this place as a percentage of non-inter-level travel turns spent in this place.
 F = Non-inter-level travel turns spent in this place divided by the number of levels of this place that you've seen.
                   A       B       C       D       E      F
               +-------+-------+-------+-------+-------+----------------------
         Total | 100.0 | 100.0 |   4.5 |  41.8 |  39.0 | 914.7
       Dungeon |  99.8 |  99.8 |   4.5 |  41.9 |  39.1 | 1064.8
        Temple |   0.2 |   0.2 |   0.0 |   0.0 |   0.0 |  14.0
               +-------+-------+-------+-------+-------+----------------------

Table legend:
 A = Kills in this place as a percentage of kills in entire the game.
 B = Kills by you in this place as a percentage of kills by you in the entire game.
 C = Kills by friends in this place as a percentage of kills by friends in the entire game.
 D = Other kills in this place as a percentage of other kills in the entire game.
 E = Experience gained in this place as a percentage of experience gained in the entire game.
 F = Experience gained in this place divided by the number of levels of this place that you have seen.
                   A       B       C       D       E      F
               +-------+-------+-------+-------+-------+----------------------
         Total | 100.0 | 100.0 |   N/A |   N/A | 100.0 | 164.6
       Dungeon | 100.0 | 100.0 |   N/A |   N/A | 100.0 | 192.0
               +-------+-------+-------+-------+-------+----------------------
